 Dungeon Crawl Stone Soup version 0.22-a0-815-gb582571 (webtiles) character file.

284 iamserjio the Sneak (level 6, -3/30 HPs)
             Began as a Spriggan Artificer on July 23, 2018.
             Was a Follower of Yredelemnul.
             Slain by an adder (5 damage)
             ... on level 6 of the Dungeon.
             The game lasted 00:15:55 (2633 turns).

iamserjio the Sneak (Spriggan Artificer)            Turns: 2633, Time: 00:15:55

Health: -3/30      AC:  2    Str:  9    XL:     6   Next: 7%
Magic:  10/10      EV: 20    Int: 13    God:    Yredelemnul [*.....]
Gold:   295        SH:  0    Dex: 17    Spells: 8/9 levels left

rFire    . . .     SeeInvis +   a - +0 short sword
rCold    . . .     Gourm    +   (shield restricted)
rNeg     . . .     Faith    .   r - +0 robe {MR+}
rPois    .         Spirit   .   (helmet restricted)
rElec    .         Reflect  .   (no cloak)
rCorr    .         Harm     .   (gloves unavailable)
MR       ++...                  (boots unavailable)
Stlth    +++.......             m - amulet of the gourmand
HPRegen  0.10/turn              (no ring)
MPRegen  0.12/turn              (no ring)

@: lethally poisoned (-3 -> -11), very quick
A: very small, unfitting armour, see invisible, herbivore, speed 3, slow
metabolism 2
a: Animate Remains, Renounce Religion


You were on level 6 of the Dungeon.
You worshipped Yredelemnul.
Yredelemnul was aware of your devotion.
You were not hungry.

You visited 1 branch of the dungeon, and saw 6 of its levels.

You collected 295 gold pieces.

Inventory:

Hand Weapons
 a - a +0 short sword (weapon)
 c - a +0 antimagic spear
 p - a +0 hunting sling
 z - a cursed -1 falchion
Missiles
 v - 67 stones (quivered)
 w - 40 sling bullets
Armour
 b - a +0 robe
 r - a +0 robe of magic resistance (worn)
Magical Staves
 q - an uncursed staff of summoning
Jewellery
 m - an amulet of the gourmand (around neck)
Wands
 e - a wand of random effects (18)
Scrolls
 h - a scroll of magic mapping {unknown}
 i - 5 scrolls of identify {unknown}
 j - 3 scrolls of teleportation {unknown}
 n - 2 scrolls of enchant armour {unknown}
 t - a scroll of fear {unknown}
 u - a scroll of fog {unknown}
 y - 3 scrolls of immolation {unknown}
Potions
 g - 2 potions of berserk rage {unknown}
 k - 2 potions of degeneration {unknown}
 l - a potion of ambrosia {unknown}
 o - a potion of curing {unknown}
 s - a potion of invisibility {unknown}
 x - a potion of haste {unknown}
Comestibles
 f - 8 rations


   Skills:
 - Level 1.0 Fighting
 + Level 3.0 Short Blades
 + Level 4.8 Dodging
 * Level 6.3 Stealth
 + Level 2.3 Spellcasting
 - Level 0.4 Necromancy
 - Level 4.0 Evocations


You had 8 spell levels left.
You knew the following spells:

 Your Spells              Type           Power        Failure   Level  Hunger
a - Animate Skeleton      Necr           N/A          22%         1    #......

Your spell library contained the following spells:

 Spells                   Type           Power        Failure   Level  Hunger
 Animate Dead             Necr           N/A          91%         4    #####..
 Pain                     Necr           #...         22%         1    #......
 Vampiric Draining        Necr           #.........   54%         3    ###....
 Regeneration             Chrm/Necr      #.........   56%         3    ###....


Dungeon Overview and Level Annotations

Branches:
Dungeon (6/15)
 Temple: D:4-7

Altars:
Ashenzari
Dithmenos
Kikubaaqudgha
Nemelex Xobeh
Okawaru
Qazlal
Ru
Vehumet
Wu Jian
Yredelemnul

Annotations:
D:6 Duvessa


Innate Abilities, Weirdness & Mutations

You are very small and have problems with some larger weapons.
You are too small for most types of armour.
You have supernaturally acute eyesight. (SInv)
You are a herbivore.
You cover ground extremely quickly.
You need to consume almost no food.


Message History

* * * LOW HITPOINT WARNING * * *
You are poisoned.
The adder poisons you! The adder completely misses you.
You barely miss the adder.
The adder is heavily wounded.
You feel sick. The adder bites you.
* * * LOW HITPOINT WARNING * * *
* * * LOW HITPOINT WARNING * * *
You feel sick.
Evoke which item? (* to show all) (? for menu, Esc to quit)
Aiming: Random Effects
Press: ? - help, Shift-Dir - straight line, f - adder
Aim: an adder (heavily wounded)
The adder seems to speed up.
The adder bites you.
* * * LOW HITPOINT WARNING * * *
You are more poisoned.
The adder poisons you! The adder bites you.
You die...
Your body rises from the dead as a mindless zombie.

##.#.........#..)...##<##.#
#.#............)#).##....#
#.....######...........#.#
............#.##.#..##....#
#.#.....####...####..###..<#
# #.#.[.# #.#.# ##.###...#
#.#...####'#+#####.......#
.................####...#
.####>#...S@.......# #....
...................# #....#
.........########### .....
.........# .##..##
.........# .........#
.........# .........#
..^......#


You could see an adder.

Vanquished Creatures
  2 orc wizards
  2 gnolls
  6 adders
  A worm (D:3)
  3 leopard geckos
  4 orcs
  2 giant cockroaches
  2 gnoll zombies (D:3)
  6 goblins
  5 hobgoblins
  5 jackals
  2 quokkas
  5 bats
  2 frilled lizards
  4 kobolds
  A leopard gecko zombie (D:6)
  2 quokka skeletons
  2 rats (D:2)
56 creatures vanquished.

Vanquished Creatures (collateral kills)
  Dowan (D:6)
  A centaur skeleton (D:4)
  Ijyb (D:4)
  2 gnolls (D:4)
  3 orcs
  5 jackals
13 creatures vanquished.

Vanquished Creatures (others)
  A hound (D:6)
  An orc priest (D:5)
  2 orcs
  A jackal (D:2)
5 creatures vanquished.

Grand Total: 74 creatures vanquished

Notes
Turn   | Place    | Note
-------+----------+-------------------------------------------
     0 | D:1      | iamserjio the Spriggan Artificer began the quest for the Orb.
     0 | D:1      | Reached XP level 1. HP: 9/9 MP: 4/4
   265 | D:1      | Reached skill level 2 in Stealth
   289 | D:1      | Reached skill level 1 in Fighting
   394 | D:2      | Reached XP level 2. HP: 8/14 MP: 6/6
   486 | D:2      | Reached skill level 3 in Stealth
   623 | D:2      | Reached XP level 3. HP: 4/18 MP: 7/7
   786 | D:3      | Learned a level 1 spell: Animate Skeleton
   844 | D:3      | Reached skill level 4 in Stealth
   844 | D:3      | Reached XP level 4. HP: 13/22 MP: 8/8
   873 | D:2      | Found an ornate altar of the Wu Jian Council.
  1206 | D:3      | Found a basalt altar of Yredelemnul.
  1214 | D:3      | Became a worshipper of Yredelemnul the Dark
  1511 | D:4      | Noticed Ijyb
  1512 | D:4      | Found a stormy altar of Qazlal.
  1531 | D:4      | Killed Ijyb
  1531 | D:4      | Reached skill level 1 in Spellcasting
  1567 | D:4      | Reached skill level 5 in Stealth
  1574 | D:4      | Reached XP level 5. HP: 24/25 MP: 9/9
  1622 | D:4      | Found a radiant altar of Vehumet.
  1676 | D:4      | Found a sacrificial altar of Ru.
  1676 | D:4      | Found a shattered altar of Ashenzari.
  1747 | D:4      | Noticed a phantom
  1923 | D:5      | Entered Level 5 of the Dungeon
  1923 | D:5      | Found an ancient bone altar of Kikubaaqudgha.
  2050 | D:5      | Found a sparkling altar of Nemelex Xobeh.
  2054 | D:5      | Found a shadowy altar of Dithmenos.
  2291 | D:5      | Found an iron altar of Okawaru.
  2293 | D:5      | Reached skill level 6 in Stealth
  2317 | D:5      | Reached * piety under Yredelemnul
  2352 | D:6      | Noticed Duvessa
  2358 | D:6      | Noticed Dowan
  2366 | D:6      | Killed Dowan
  2366 | D:6      | Reached XP level 6. HP: 20/30 MP: 10/10
  2633 | D:6      | Slain by an adder

Vault maps used:
D:1:      minmay_arrival_stone_box, kennysheep_minor_cross,
          minmay_stone_trees_small
D:2:      nicolae_overflow_crystal_walls, minmay_misc_feat_nine_boxes,
          fountainhead
D:3:      lemuel_zombie_altar_yredelemnul, first_ration
D:4:      minmay_diamond_boxcup, vehumet_crystals,
          gammafunk_temple_overflow_elements, nicolae_qazlal_general_emergency,
          uniq_ijyb
D:5:      nemelex_xobeh_ov_fountains_minmay, lemuel_crystal_altar,
          kiku_gazebo_garden_becter, okawaru_altar_gauntlet_db
D:6:      uniq_duvessa

Skill      XL: |  1  2  3  4  5 |
---------------+----------------+-----
Stealth        | 2 3 4 5 6 |  6.3
Fighting       | 1 |  1.0
Short Blades   | 2 3 |  3.0
Dodging        | 4 |  4.8
Spellcasting   | 1 2 |  2.3
Necromancy     | |  0.4
Evocations     | |  4.0

Action                   |  1- 3 |  4- 6 || total
-------------------------+-------+-------++-------
Melee: Short sword       |    74 |   136 ||   210
       Spear             |       |     2 ||     2
 Fire: Hunting sling     |       |    11 ||    11
Evoke: Wand              |    17 |    60 ||    77
 Stab: Sleeping          |     7 |     5 ||    12
       Paralysed         |     1 |       ||     1
Armor: Robe              |     7 |    10 ||    17
Dodge: Dodged            |    55 |   158 ||   213

Table legend:
 A = Spawn XP
 B = Non-spawn XP
 C = Spawn XP percentage of total XP
 D = Spawn monster count
 E = Non-spawn monster count
 F = Spawn count percentage of total count
 G = Total turns spent on level
                    A         B        C        D         E        F      G
               +---------+---------+-------+---------+---------+-------+---------
         Total |       0 |     406 |   0.0 |       0 |      68 |   0.0 |  2633
               +---------+---------+-------+---------+---------+-------+---------
           D:1 |       0 |      11 |   0.0 |       0 |       5 |   0.0 |   387
           D:2 |       0 |      55 |   0.0 |       0 |      20 |   0.0 |   452
           D:3 |       0 |      55 |   0.0 |       0 |      10 |   0.0 |   655
           D:4 |       0 |     183 |   0.0 |       0 |      14 |   0.0 |   429
           D:5 |       0 |      54 |   0.0 |       0 |      10 |   0.0 |   429
           D:6 |       0 |      48 |   0.0 |       0 |       9 |   0.0 |   281
               +---------+---------+-------+---------+---------+-------+---------
